 Dungeon Crawl Stone Soup version 0.14-a0-226-gcf818b1 (webtiles) character file.

5113 GayManTrain the Grappler (level 10, -5/145 HPs)
             Began as a Troll Berserker on Oct 11, 2013.
             Was a High Priest of Trog.
             Slain by a yak (10 damage)
             ... on Level 1 of the Lair of Beasts.
             The game lasted 00:31:15 (7286 turns).

GayManTrain the Grappler (Troll Berserker)          Turns: 7286, Time: 00:31:15

HP  -5/145       AC  7     Str 32      XL: 10   Next: 19%
MP   3/3         EV 14     Int  3      God: Trog [*****.]
Gold 483         SH  0     Dex 12      Spells:  0 memorised,  9 levels left

Res.Fire  : x . .   See Invis. : .     - Unarmed
Res.Cold  : + + .   Warding    : +   P - +2 orc robe {rC+}
Life Prot.: + . .   Conserve   : .   (shield restricted)
Res.Poison: .       Res.Corr.  : .   (helmet restricted)
Res.Elec. : .       Clarity    : .   (no cloak)
Sust.Abil.: . .     Spirit.Shd : .   (gloves unavailable)
Res.Mut.  : .       Stasis     : .   (boots unavailable)
Res.Rott. : .       Flight     : .   r - amulet of warding
Gourmand  : +                        u - ring of ice
                                     (no ring)

@: berserking, very quick, somewhat resistant to hostile enchantments, extremely
unstealthy
A: unfitting armour, claws 3, fast metabolism 3, gourmand, regeneration 2,
saprovore 2, tough skin 2, AC +1
a: Burn Spellbooks, Berserk, Trog's Hand, Brothers in Arms, Renounce Religion


You were on level 1 of the Lair of Beasts.
You worshipped Trog.
Trog was extremely pleased with you.
You were not hungry.

You visited 2 branches of the dungeon, and saw 10 of its levels.
You also visited: Sewer.

You collected 463 gold pieces.

Inventory:

Armour
 M - a +2 robe of positive energy
 P - a +2 orcish robe of cold resistance (worn)
Magical devices
 k - a wand of teleportation (2) {unknown}
 v - a wand of random effects (14) {unknown}
 x - a wand of lightning (6) {unknown}
 y - a wand of fire (4) {unknown}
 A - a wand of polymorph (12) {unknown}
 C - a wand of confusion (24) {unknown}
 D - a wand of confusion (13) {unknown}
 O - a wand of disintegration (15) {unknown}
Comestibles
 a - 4 meat rations
 d - an orange
 j - a choko
 s - 4 bread rations
Scrolls
 c - a scroll of random uselessness
 e - a scroll of enchant weapon I
 h - 3 scrolls of remove curse
 m - a scroll of curse armour {unknown}
 n - 4 scrolls of teleportation {unknown}
 o - 2 scrolls of enchant armour
 p - a scroll of noise
 t - a scroll of fear {unknown}
 G - a scroll of blinking {unknown}
 J - 2 scrolls of fog
 R - 2 scrolls of identify
 S - a scroll of recharging
Jewellery
 r - an amulet of warding (around neck)
 u - a ring of ice (right claw)
 w - an uncursed amulet of stasis
 U - an uncursed amulet of clarity
Potions
 b - a potion of cure mutation
 f - 5 potions of heal wounds
 i - 6 potions of curing
 l - a potion of might
 z - 2 potions of speed
 B - a potion of beneficial mutation {unknown}
 F - a potion of agility {unknown}
 H - 5 potions of flight {unknown}
 I - a potion of magic {unknown}
 L - a potion of restore abilities {unknown}
 N - 2 potions of brilliance {unknown}
 Q - a potion of invisibility {unknown}
Books
 g - a book of Ice

   Spells                             Type                      Level
   Freezing Aura                      Charms/Ice                   2
   Ensorcelled Hibernation            Hexes/Ice                    2
   Ozocubu's Refrigeration            Ice                          6
   Bolt of Cold                       Conjuration/Ice              6
   Freezing Cloud                     Conjuration/Ice/Air          6
   Metabolic Englaciation             Hexes/Ice                    6
   Simulacrum                         Ice/Necromancy               6
   Trog disapproves of the use of such an item.
 q - a book of Geomancy

   Spells                             Type                      Level
   Sandblast                          Earth                        1
   Stoneskin                          Transmutation/Earth          2
   Passwall                           Transmutation/Earth          3
   Stone Arrow                        Conjuration/Earth            3
   Petrify                            Transmutation/Earth          4
   Lee's Rapid Deconstruction         Earth                        5
   Trog disapproves of the use of such an item.
 E - a book of Ice

   Spells                             Type                      Level
   Freezing Aura                      Charms/Ice                   2
   Ensorcelled Hibernation            Hexes/Ice                    2
   Ozocubu's Refrigeration            Ice                          6
   Bolt of Cold                       Conjuration/Ice              6
   Freezing Cloud                     Conjuration/Ice/Air          6
   Metabolic Englaciation             Hexes/Ice                    6
   Simulacrum                         Ice/Necromancy               6
   Trog disapproves of the use of such an item.
 T - a book of Hinderance

   Spells                             Type                      Level
   Confusing Touch                    Hexes                        1
   Slow                               Hexes                        2
   Confuse                            Hexes                        3
   Petrify                            Transmutation/Earth          4
   Leda's Liquefaction                Hexes/Earth                  4
   Metabolic Englaciation             Hexes/Ice                    6
   Trog disapproves of the use of such an item.


   Skills:
 + Level 5.6 Fighting
 + Level 8.8 Dodging
 + Level 2.3 Stealth
 + Level 9.2 Unarmed Combat


You had 9 spell levels left.
You didn't know any spells.

Dungeon Overview and Level Annotations

Branches:
Dungeon (9/27)             Temple (0/1) D:7             Orc (0/4) D:9
   Lair (1/8) D:9

Altars:
Ashenzari
Elyvilon
Kikubaaqudgha
the Shining One

Shops:
D:7 ?


Innate Abilities, Weirdness & Mutations

You are too large for most types of armour.
You have claws for hands.
Your metabolism is lightning-fast.
You like to eat raw meat.
You heal very quickly.
You can eat rotten meat.
You are covered in fur (AC +1).
You have very tough skin (AC +2).


Message History

The yak gores you!
* * * LOW HITPOINT WARNING * * *
The yak gores you but does no damage.
You closely miss the jackal. The jackal misses you. The yak barely misses you.
You claw the jackal!
You kill the jackal!
Trog accepts your kill. The yak gores you.
* * * LOW HITPOINT WARNING * * *
Use which ability? (? or * to list)
A red film seems to cover your vision as you go berserk!
You feel yourself moving faster!
You feel mighty!
You feel somewhat more hungry. The yak gores you!
* * * LOW HITPOINT WARNING * * *
The yak closely misses you. The yak misses you.
You mangle the yak!!
The yak begins to bleed from its wounds!
The yak is heavily wounded.
The yak gores you!
You die...

##.# ####... ##......
##ff..... ###........ #
#.....#.#.# ... ## ###
#.....###.#
...#P######.####...##.....
.......$YY@Y...............
#....##...##Y#.##.##....#...
................>.###...###.
P###...P##.....##.# ##### #.
#..%. #....###.P# .. #....
##.......## .. ......
#..#........ .. ......
###.......>. .. ....#
####..... .


You could see 4 yaks.

Vanquished Creatures
  Pikel (D:7)
  An elephant (D:9)
  A basilisk (Lair:1)
  A yak (Lair:1)
  An elephant slug (D:9)
  A hungry ghost (D:7)
  A hippogriff (D:7)
  A sky beast (D:6)
  Purgy (Sewer)
  A necrophage (D:7)
  2 slaves (D:7)
  2 ice beasts
  2 centaurs
  5 ogres
  4 crocodiles
  Blork the orc (D:8)
  4 giant frogs
  An agate snail (D:9)
  5 killer bees (D:6)
  5 crimson imps
  3 jellies
  2 hounds (D:4)
  2 orc priests (D:3)
  3 iguanas
  A scorpion (D:8)
  3 orc wizards
  A quasit (D:6)
  5 worker ants
  Ijyb (D:2)
  A hound skeleton (D:4)
  11 adders
  8 worms
  5 giant mites
  4 giant eyeballs
  14 orcs
  4 ball pythons
  8 giant cockroaches
  14 goblins
  14 hobgoblins
  13 jackals
  16 kobolds
  An ooze (D:2)
  3 quokkas
  15 bats
  4 giant geckos
  A giant gecko skeleton (D:5)
  9 giant newts
  A hobgoblin skeleton (D:6)
  A jackal skeleton (D:4)
  A kobold zombie (D:7)
  An orc skeleton (D:8)
  A quokka skeleton (D:4)
  14 rats
  5 ballistomycetes
231 creatures vanquished.

Vanquished Creatures (others)
  A centaur (D:7)
  A mummy (D:9)
  2 giant spores
4 creatures vanquished.

Grand Total: 235 creatures vanquished

Notes
Turn   | Place    | Note
--------------------------------------------------------------
     0 | D:1      | GayManTrain, the Troll Berserker, began the quest for the Orb.
     0 | D:1      | Reached XP level 1. HP: 23/23 MP: 0/0
   255 | D:1      | Reached XP level 2. HP: 29/31 MP: 0/0
   610 | D:2      | Acquired Trog's second power
   625 | D:2      | Noticed Ijyb
   636 | D:2      | Killed Ijyb
   636 | D:2      | Reached XP level 3. HP: 36/39 MP: 1/1
   778 | D:2      | Reached skill level 4 in Unarmed Combat
   855 | D:2      | Reached XP level 4. HP: 46/46 MP: 1/1
  1714 | D:3      | Reached XP level 5. HP: 13/53 MP: 1/1
  1909 | D:3      | Reached skill level 5 in Unarmed Combat
  2449 | D:4      | Reached XP level 6. HP: 47/62 MP: 2/2
  2477 | D:4      | Noticed an ogre
  2484 | D:4      | Killed an ogre
  2515 | D:4      | Found a white marble altar of Elyvilon.
  2526 | D:4      | Noticed an ogre
  2538 | D:4      | Killed an ogre
  2575 | D:4      | Acquired Trog's third power
  2611 | D:4      | Reached XP level 7. HP: 54/70 MP: 2/2
  2784 | D:5      | Entered Level 5 of the Dungeon
  2836 | D:5      | Reached skill level 6 in Unarmed Combat
  3009 | D:5      | Paralysed by a giant eyeball for 4 turns
  3045 | D:5      | Reached skill level 5 in Dodging
  3627 | D:6      | Reached XP level 8. HP: 65/79 MP: 2/2
  3931 | D:6      | Found a glowing drain.
  4069 | Sewer    | Entered a sewer
  4153 | Sewer    | Noticed Purgy
  4172 | Sewer    | Killed Purgy
  4172 | Sewer    | Reached skill level 1 in Stealth
  4414 | D:6      | Reached skill level 7 in Unarmed Combat
  4886 | D:6      | Found a shattered altar of Ashenzari.
  4950 | D:7      | Noticed Pikel
  4965 | D:7      | Killed Pikel
  4965 | D:7      | Reached XP level 9. HP: 41/87 MP: 3/3
  5052 | D:7      | Found a staircase to the Ecumenical Temple.
  5212 | D:7      | Paralysed by a giant eyeball for 4 turns
  5252 | D:7      | Found an ancient bone altar of Kikubaaqudgha.
  5274 | D:7      | Found Gimyraoc's Magic Scroll Boutique.
  5372 | D:7      | Found a glowing golden altar of the Shining One.
  5573 | D:8      | Reached skill level 8 in Dodging
  5657 | D:8      | Noticed Blork the orc
  5663 | D:8      | Killed Blork the orc
  5663 | D:8      | Reached skill level 5 in Fighting
  6342 | D:9      | Found a staircase to the Lair.
  6345 | D:9      | Noticed an elephant
  6356 | D:9      | Killed an elephant
  6424 | D:9      | Received a gift from Trog
  6576 | D:9      | Found a staircase to the Orcish Mines.
  6582 | D:9      | Reached XP level 10. HP: 78/96 MP: 3/3
  6645 | D:9      | Paralysed by a giant eyeball for 3 turns
  6769 | D:9      | Reached skill level 9 in Unarmed Combat
  7123 | Lair:1   | Entered Level 1 of the Lair of Beasts
  7285 | Lair:1   | HP: 5/145 [yak (15)]
  7286 | Lair:1   | Slain by a yak

Action                   |  1- 3 |  4- 6 |  7- 9 | 10-12 || total
-------------------------+-------+-------+-------+-------++-------
Melee: Unarmed           |    82 |   195 |   429 |    68 ||   774
Invok: Berserk           |       |     1 |     2 |     1 ||     4
       Trog's Hand       |       |       |     1 |       ||     1
  Use: Scroll            |       |       |    16 |     3 ||    19
 Stab: Sleeping          |       |       |     4 |       ||     4
       Distracted        |       |       |     1 |       ||     1
